 Dungeon Crawl Stone Soup version 0.23.0-2-g0fe3ce5 (webtiles) character file.

Game seed: 16790425881120130688

55 Kairos the Chopper (level 3, 0/20 HPs)
             Began as a Vine Stalker Monk on Feb 19, 2019.
             Succumbed to an adder's poison
             ... on level 2 of the Dungeon.
             The game lasted 00:02:25 (1092 turns).

Kairos the Chopper (Vine Stalker Monk)              Turns: 1092, Time: 00:02:25

Health: 0/20       AC:  7    Str: 14    XL:     3   Next: 93%
Magic:  2/4        EV: 10    Int: 10    God:
Gold:   73         SH:  0    Dex: 16    Spells: 2/2 levels left

rFire    . . .     SeeInvis +   a - +0 hand axe
rCold    . . .     Gourm    .   (no shield)
rNeg     . . .     Faith    .   k - +0 scale mail
rPois    +         Spirit   +   (no helmet)
rElec    .         Reflect  .   (no cloak)
rCorr    .         Harm     .   r - +0 pair of gloves
MR       .....                  (no boots)
Stlth    +.........             (no amulet)
HPRegen  0.06/turn              e - ring of poison resistance
MPRegen  0.09/turn              f - ring of see invisible

@: lethally poisoned (0 -> -3), hasted, very quick
A: fangs 2, see invisible, deterioration 1, wild magic 1, magic shield,
antimagic bite, no potion heal 3, rot immunity, MP-powered wands
a: no special abilities


You were on level 2 of the Dungeon.
You were hungry.

You visited 1 branch of the dungeon, and saw 2 of its levels.

You collected 73 gold pieces.

Inventory:

Hand Weapons
 a - a +0 hand axe (weapon)
Armour
 b - a +0 robe
 g - a +0 leather armour
 k - a +0 scale mail (worn)
 r - a +0 pair of gloves (worn)
Jewellery
 e - a ring of poison resistance (left hand)
 f - a ring of see invisible (right hand)
Scrolls
 d - 2 scrolls of teleportation
 h - a scroll of fear {unknown}
 i - a scroll of blinking {unknown}
 l - a scroll of random uselessness {unknown}
 n - a scroll of amnesia {unknown}
 q - a scroll of remove curse {unknown}
Comestibles
 c - 8 rations


   Skills:
 + Level 3.0 Fighting
 + Level 3.2 Axes
 + Level 0.7 Armour
 + Level 2.7 Dodging
 + Level 3.1 Stealth


You had 2 spell levels left.
You didn't know any spells.
Your spell library was empty.

Dungeon Overview and Level Annotations

Branches:
Dungeon (2/15)

Altars:
Fedhas


Innate Abilities, Weirdness & Mutations

You have extremely sharp teeth.
When hurt, damage is shared between your health and your magic reserves.
Your bite disrupts and absorbs the magic of your enemies.
Potions cannot restore your health.
You are immune to rotting.
You have supernaturally acute eyesight. (SInv)
Your body sometimes deteriorates upon taking damage.
Your spells are a little harder to cast, but a little more powerful.
You expend magic power (3 MP) to strengthen your wands.


Message History

The worm is lightly wounded.
You feel sick. The worm bites you!
* * * LOW HITPOINT WARNING * * *
* * * LOW HITPOINT WARNING * * *
You feel sick.
It was a potion of mutation.
You feel extremely strange.
You feel yourself wasting away.
You feel your magical essence link to your wands.
You feel less in control of your magic.
Your vision sharpens.
It was a potion of brilliance.
You feel clever all of a sudden.
Okay, then.
* * * LOW HITPOINT WARNING * * *
You feel sick.
It was a potion of cancellation.
Your magical effects are unravelling.
You feel magically purged.
You feel a little less clever now.
It was a potion of haste.
You feel yourself speed up.
You die...

#..................#
##.##...##.........#.##
#...........##....###.#
#..###)###.###.###.#.##
#.)# #.....(.......>#
#..#
#..##.###.###..##########
#..#
#..##.###.##...##........
#..#
#..##.............#######
#..# #..##.w.@......####
##..###.....)..##....#
#..............###.#.#
#.....###.##.##........
#....... #.##.######.#.#
#.......#...... ....#
#..!... #.###.## # ###
##..... #. #.# ##.... #.
#..


You could see a worm.

Vanquished Creatures
  2 adders (D:2)
  A worm (D:2)
  A dart slug (D:1)
  3 bats
  9 goblins
  3 hobgoblins
  5 kobolds
  A quokka (D:2)
  A frilled lizard (D:2)
  4 rats (D:1)
30 creatures vanquished.

Notes
Turn   | Place    | Note
-------+----------+-------------------------------------------
     0 | D:1      | Kairos the Vine Stalker Monk began the quest for the Orb.
     0 | D:1      | Reached XP level 1. HP: 11/11 MP: 2/2
    85 | D:1      | Reached XP level 2. HP: 9/16 MP: 3/3
   742 | D:2      | Reached XP level 3. HP: 18/20 MP: 4/4
   747 | D:2      | Found a blossoming altar of Fedhas.
  1085 | D:2      | Gained mutation: Your body sometimes deteriorates upon
                  | taking damage. [potion of mutation]
  1085 | D:2      | Gained mutation: You expend magic power (3 MP) to
                  | strengthen your wands. [potion of mutation]
  1085 | D:2      | Gained mutation: Your spells are a little harder to cast,
                  | but a little more powerful. [potion of mutation]
  1085 | D:2      | Gained mutation: You have supernaturally acute eyesight.
                  | (SInv) [potion of mutation]
  1087 | D:2      | HP: 1/20 [poisoned by an adder]
  1092 | D:2      | Succumbed to an adder's poison

Skill      XL: |  1  2  3 |
---------------+----------+-----
Fighting       | 3 |  3.0
Axes           | 3 |  3.2
Stealth        | 3 |  3.1
Armour         | |  0.7
Dodging        | |  2.7

Action                   || total
-------------------------++-------
Melee: Hand axe          ||    98
       Bite              ||    26
  Use: Scroll            ||     1
       Potion            ||     4
 Stab: Sleeping          ||     5
Armor: Robe              ||     1
       Scale mail        ||    29
       Leather armour    ||     1
Dodge: Dodged            ||    46
